 Dungeon Crawl Stone Soup version 0.14-a0-1378-gf8e6a88 (webtiles) character file.

511 July the Magician (level 6, -5/28 HPs)
             Began as a Spriggan Enchanter on Dec 9, 2013.
             Was an Initiate of Okawaru.
             Killed by divine providence
             ... invoked by an orc priest
              (7 damage)
             ... on Level 4 of the Dungeon.
             The game lasted 00:38:33 (5048 turns).

July the Magician (Spriggan Enchanter)              Turns: 5048, Time: 00:38:34

HP  -5/28        AC  2     Str  6      XL: 6   Next: 50%
MP  13/22        EV 18     Int 17      God: Okawaru [......]
Gold 121         SH  0     Dex 16      Spells:  2 memorised, 14 levels left

rFire  . . .     SeeInvis +     p - +2 elf dagger
rCold  . . .     Clarity  .     g - +0 robe (curse)
rNeg   . . .     Conserve .     (shield restricted)
rPois  .         rCorr    .     (helmet restricted)
rElec  .         rRot     .     (no cloak)
SustAb . .       Spirit   .     (gloves unavailable)
rMut   .         Warding  .     (boots unavailable)
Saprov . . .     Stasis   .     (no amulet)
                                (no ring)
                                (no ring)

@: very quick, somewhat resistant to hostile enchantments, quite stealthy
A: unfitting armour, see invisible, herbivore 3, speed 3, slow metabolism 2
a: Renounce Religion


You were on level 4 of the Dungeon.
You worshipped Okawaru.
Okawaru was noncommittal.
You were not hungry.

You visited 1 branch of the dungeon, and saw 4 of its levels.

You collected 177 gold pieces.
You spent 56 gold pieces at shops.

Inventory:

Hand weapons
 k - a +2,+3 dwarven short sword
 l - a +1,+2 dagger of holy wrath
 p - a +2,+2 elven dagger (weapon)
Missiles
 d - 12 darts (quivered)
Armour
 b - a +1 robe
 g - a cursed +0 robe (worn)
 u - a +0 robe
 C - a +0 buckler
Magical devices
 r - a wand of frost (11) {unknown}
Comestibles
 n - a bread ration
 o - a banana
Scrolls
 i - a scroll of recharging {unknown}
 j - 5 scrolls of identify
 m - a scroll of magic mapping
 q - a scroll of teleportation {unknown}
Jewellery
 s - an uncursed amulet of guardian spirit
Potions
 a - a potion of agility {unknown}
 e - a potion of porridge
 f - a potion of magic {unknown}
 h - a potion of brilliance {unknown}
 w - 6 potions of curing
 x - a potion of mutation {unknown}
 B - a potion of lignification
Books
 c - a book of Maledictions

   Spells                             Type                      Level
   *Corona                            Hexes                        1
   Sure Blade                         Hexes/Charms                 2
   *Ensorcelled Hibernation           Hexes/Ice                    2
   Confuse                            Hexes                        3
   Enslavement                        Hexes                        4
   Invisibility                       Hexes                        6


   Skills:
 - Level 1.1 Short Blades
 - Level 1.1 Throwing
 - Level 3.0 Dodging
 - Level 5.0 Stealth
 - Level 6.1 Spellcasting
 * Level 6.1 Hexes


You had 14 spell levels left.
You knew the following spells:

 Your Spells              Type           Power        Failure   Level  Hunger
m - Corona                Hex            ####...      1%          1    None
s - Ensorcelled Hibernat  Hex/Ice        ###...       6%          2    None


Dungeon Overview and Level Annotations

Branches:
Dungeon (4/16)
 Temple: D:4-7

Altars:
Okawaru
Xom

Shops:
D:4 !


Innate Abilities, Weirdness & Mutations

You are tiny and cannot use many weapons and most armour.
You have supernaturally acute eyesight.
You are a herbivore.
You cover ground extremely quickly.
You need consume almost no food.


Message History

The goblin completely misses you.
The orc wizard hits you with an orcish dagger.
Casting: Ensorcelled Hibernation
Confirm with . or Enter, or press ? or * to list all spells.
Aiming: Ensorcelled Hibernation
Press: ? - help, Shift-Dir - straight line, f - orc wizard, p - orc
Aim: an orc wizard, wielding an orcish dagger and wearing an orcish robe (moving very quickly)
The orc wizard easily resists.
The orc wizard gestures at you while chanting.
The puff of flame hits you!
* * * LOW HITPOINT WARNING * * *
The goblin misses you.
The orc wizard gestures at you while chanting.
The magic dart hits you!
* * * LOW HITPOINT WARNING * * *
The goblin hits you with a club.
* * * LOW HITPOINT WARNING * * *
The orc priest invokes the aid of Beogh against you.
Something smites you!
You die...

#.........# #.##<..##.#
#########......##.#
...............##.# #
###...###.......).#
####.#..o......#.#.#####
.....o.o#g..#####.#.#
#.ooo...#####.#.#
######.@....[.#.###
#.######.....# ##'##
#.....### ##...##
#.......# ##.....##
#.....#.# #
##.......###.......# #
#.........###....#.####
..'.........'............
###.........###....#.####


You could see 2 orc priests, 2 orc wizards, 2 orcs and a goblin.

Vanquished Creatures
  Duvessa (D:4)
  The ghost of July the Sneak, a weakling SpEn of Okawaru (D:4)
  Dowan (D:4)
  An orc wizard (D:4)
  A worker ant (D:4)
  4 gnolls (D:3)
  7 adders
  3 oozes
  3 orcs
  A ball python (D:1)
  14 bats
  7 giant cockroaches
  8 goblins
  9 hobgoblins
  4 jackals (D:2)
  5 quokkas
  13 giant newts
  11 kobolds
  11 rats
105 creatures vanquished.

Notes
Turn   | Place    | Note
--------------------------------------------------------------
     0 | D:1      | July, the Spriggan Enchanter, began the quest for the Orb.
     0 | D:1      | Reached XP level 1. HP: 9/9 MP: 4/4
   305 | D:1      | Reached skill level 4 in Stealth
   422 | D:1      | Reached XP level 2. HP: 13/13 MP: 7/7
   814 | D:1      | Reached skill level 5 in Stealth
   938 | D:1      | Learned a level 2 spell: Ensorcelled Hibernation
  1297 | D:1      | Reached XP level 3. HP: 16/16 MP: 11/11
  2228 | D:2      | Reached XP level 4. HP: 21/21 MP: 15/15
  2261 | D:2      | Yermak: I think I kill 3 your ghosts
  2374 | D:2      | Reached skill level 5 in Spellcasting
  2785 | D:2      | Found a shimmering altar of Xom.
  3307 | D:3      | Reached XP level 5. HP: 20/24 MP: 16/20
  3590 | D:3      | Found an iron altar of Okawaru.
  3596 | D:3      | Became a worshipper of Warmaster Okawaru
  3671 | D:3      | Reached skill level 6 in Spellcasting
  4136 | D:4      | Noticed July's ghost (weakling SpEn)
  4151 | D:4      | Killed July's ghost
  4354 | D:4      | Noticed Dowan
  4357 | D:4      | Noticed Duvessa
  4361 | D:4      | Killed Dowan
  4361 | D:4      | Reached skill level 5 in Hexes
  4361 | D:4      | Reached XP level 6. HP: 28/28 MP: 19/22
  4507 | D:4      | HP: 1/28 [Duvessa/elven dagger (8)]
  4567 | D:4      | Killed Duvessa
  4853 | D:4      | Found Klupnugh's Distillery.
  4859 | D:4      | Bought a potion of curing for 28 gold pieces
  4859 | D:4      | Bought a potion of curing for 28 gold pieces
  5048 | D:4      | Killed from afar by an orc priest

Action                   |  1- 3 |  4- 6 || total
-------------------------+-------+-------++-------
Melee: Dagger            |   195 |   233 ||   428
 Cast: Ensorcelled Hiber |       |    29 ||    29
  Use: Scroll            |       |     8 ||     8
 Stab: Sleeping          |    10 |    22 ||    32
